 Dungeon Crawl Stone Soup version 0.31-a0-968-g24f9ace8b5 (webtiles) character file.

Game seed: 9931745187630390476

9394 Dordric the Grappler (level 11, -11/80 HPs)
             Began as a Troll Shapeshifter on Oct 27, 2023.
             Was a High Priest of Makhleb.
             Mangled by an orc warrior
             ... wielding a +0 war axe
              (16 damage)
             ... in a bailey.
             The game lasted 00:17:35 (8846 turns).

Dordric the Grappler (Troll Shapeshifter)           Turns: 8846, Time: 00:17:35

Health: -11/80     AC:  6    Str: 24    XL:     11   Next: 22%
Magic:  10/10      EV:  9    Int:  6    God:    Makhleb [*****.]
Gold:   415        SH:  5    Dex: 11    Spells: 10/10 levels left

rFire   . .          .
                       - Unarmed
rCold   . . .        (no shield)
rNeg    . . .        I - melded +0 steam dragon scales
rPois   .            (helmet restricted)
rElec   .            (no cloak)
rCorr   .            (gloves unavailable)
SInv    +            (boots unavailable)
Will    .....        C - amulet of reflection
Stlth   +            l - ring of see invisible
HPRegen 1.13/turn    y - +4 ring of protection
MPRegen 0.12/turn

%: reflection, clarity
@: maw-form, studying Throwing
A: devouring maw, large, unfitting armour, claws 3, regeneration 1, shaggy fur
1, tough skin 1, clarity, clumsy 1, frail 1
a: Begin Untransformation, Renounce Religion, Minor Destruction, Lesser Servant
of Makhleb, Major Destruction, Greater Servant of Makhleb


You were in a bailey.
You worshipped Makhleb.
Makhleb was extremely pleased with you.
You were a creature with a mouth for a stomach.
You visited 1 branch of the dungeon, and saw 9 of its levels.
You also visited: Bailey.

You collected 415 gold pieces.

Inventory:

Missiles
 r - a throwing net
Armour
 a - a +0 animal skin
 I - +0 steam dragon scales (melded)
Jewellery
 b - a ring of fire
 l - a ring of see invisible (left claw)
 s - a ring of ice
 y - a +4 ring of protection (right claw)
 C - an amulet of reflection (around neck)
 E - a ring of protection from cold
 H - a ring of poison resistance
Talismans
 c - a beast talisman
 d - a flux talisman
 w - the blade talisman of Axyad {rC+ rN+ Int+4 SInv}
   (You found it on level 7 of the Dungeon)

   [blade talisman]

   Int+4:     It affects your intelligence (+4).
   rC+:       It protects you from cold.
   rN+:       It protects you from negative energy.
   SInv:      It lets you see invisible.
 A - a maw talisman (active)
Wands
 k - a wand of iceblast (8)
Scrolls
 f - a scroll of fog
 h - a scroll of revelation
 m - a scroll of poison
 p - 2 scrolls of teleportation
 t - a scroll of immolation
 u - 2 scrolls of enchant armour
 z - 2 scrolls of amnesia {unknown}
 D - 3 scrolls of noise
Potions
 g - a potion of invisibility {unknown}
 i - a potion of magic {unknown}
 j - 2 potions of ambrosia {unknown}
 n - 2 potions of heal wounds {unknown}
 o - a potion of resistance {unknown}
 q - 3 potions of curing
 v - 3 potions of haste {unknown}
 x - 2 potions of might {unknown}
 B - a potion of cancellation {unknown}
 F - a potion of berserk rage {unknown}
 G - 5 potions of degeneration {unknown}


   Skills:
 - Level 0.7 Fighting
 - Level 1.5 Dodging
 + Level 14.5 Unarmed Combat
 - Level 10.0 Shapeshifting


You had 10 spell levels left.
You didn't know any spells.
Your spell library contained the following spells:

 Spells                   Type           Power      Damage    Failure   Level
 Ensorcelled Hibernation  Hex/Ice        0%         N/A       58%         2
 Jinxbite                 Hex            0%         N/A       58%         2
 Anguish                  Hex/Necr       0%         N/A       99%         4
 Iskenderun's Battlesphe  Conj           0%         2d6       100%        5
 Summon Forest            Summ/Tloc      0%         N/A       100%        5
 Bombard                  Conj/Erth      0%         9d1       100%        6
 Eringya's Noxious Bog    Tmut/Pois      0%         4d6       100%        6
 Spellforged Servitor     Conj/Summ      0%         N/A       100%        7
 Summon Hydra             Summ           0%         N/A       100%        7


Dungeon Overview and Level Annotations

Branches:
Dungeon (9/15)             Temple (0/1) D:5          Bailey (1/1)
   Lair: D:8-11         Orc: D:9-12

Altars:
Ashenzari
Cheibriados
Elyvilon
Fedhas
Kikubaaqudgha
Makhleb
Okawaru
Qazlal
Ru
Vehumet
Wu Jian
Xom
Zin

Shops:
D:3 *   D:4 [   D:6 *

Annotations:
D:4 1 runed translucent door, peacegoldenking's ghost, novice DsCj
D:5 1 runed translucent door, CalledCrash's ghost, novice HuWn


Innate Abilities, Weirdness & Mutations

You are a creature with a mouth for a stomach.
Your midsection houses a second, enormous mouth.
You are too large for most types of armour.
You have claws for hands.
Your natural rate of healing is unusually fast.
You are covered in fur. (AC +1)
You have tough skin. (AC +1)
You possess an exceptional clarity of mind.
You are clumsy. (Dex -2)
You are frail. (-10% HP)


Message History

Press: ? - help, Shift-Dir - straight line The mass of ice explodes!
The iceblast engulfs the orc warlord!
The orc warlord is lightly wounded.
The iceblast engulfs the orc warrior!
The orc warrior is moderately wounded.
Unknown command.
Aiming: Iceblast
Press: ? - help, Shift-Dir - straight line The mass of ice explodes!
Unknown command.
Aiming: Iceblast
Press: ? - help, Shift-Dir - straight line, f - orc warlord
Aim: an orc warlord, wielding a +3 broad axe and wearing a +0 chain mail (lightly wounded)
The mass of ice explodes!
The iceblast engulfs the orc warlord.
The orc warlord is moderately wounded.
The iceblast engulfs the orc warrior!
The orc warrior is severely wounded.
Aiming: Iceblast
Press: ? - help, Shift-Dir - straight line
Okay, then.
You barely miss the orc warrior. Your bite misses the orc warrior.
The orc warrior is severely wounded.
You barely miss the orc warrior. Your claw misses the orc warrior.
Your bite misses the orc warrior.
The orc warrior is severely wounded.
The orc warrior hits you with a +0 war axe!
The orc warlord attacks as it pursues you!
The orc warlord hits you with a +3 broad axe!
The orc warrior grunts repeatedly.
The orc warlord hits you with a +3 broad axe!
The orc warlord attacks as it pursues you!
The orc warlord hits you with a +3 broad axe!
The orc warlord attacks as it pursues you!
The orc warlord hits you with a +3 broad axe!!
* * * LOW HITPOINT WARNING * * *
The orc warrior attacks as it pursues you!
The orc warrior misses you.
The orc warrior attacks as it pursues you!
The orc warrior hits you with a +0 war axe!
You die...

♣♣........♣♣ ♣..........♣
♣♣....∩....♣♣ ♣...........♣
♣♣....∩....♣♣ ♣...).....♣
♣...)))..♣♣ ♣♣##'''##♣
##..W..## #...oo..#
##..)....## #.........#
##.........##
#######.....⌠.....#######
##.....##)..).....##.....##
#......))..)......')......#
##......)##.......##)......##


You could see an orc warlord and an orc warrior (strong).

Vanquished Creatures
  Pikel (D:8)
  An orc knight (Bailey)
  A manticore (D:8)
  Jeremiah (D:7)
  4 kobold demonologists
  A hornet (D:9)
  2 trolls
  A wyvern (D:7)
  3 steam dragons
  An acid dragon (D:9)
  2 water moccasins
  3 black bears
  6 ice beasts
  2 sky beasts
  8 orc warriors
  A lemure (D:8)
  A phantom (D:7)
  7 centaurs
  4 bullfrogs
  9 kobold brigands
  4 scorpions
  5 wights (D:8)
  A killer bee (D:7)
  2 howler monkeys
  3 hounds
  9 orc priests
  6 jellies
  3 iguanas
  4 sleepcaps
  16 orc wizards
  A bullfrog simulacrum (D:7)
  10 gnolls
  5 adders
  2 shadow imps
  A white imp (D:7)
  2 ufetubi (D:5)
  3 worms
  3 dart slugs
  32 orcs
  4 endoplasms
  3 giant cockroaches
  13 hobgoblins
  4 quokkas
  9 ball pythons
  8 bats
  6 frilled lizards
  26 goblins
  32 kobolds
  5 rats (D:1)
281 creatures vanquished.

Vanquished Creatures (others)
  An orc wizard (D:7)
  A kobold (D:9)
2 creatures vanquished.

Grand Total: 283 creatures vanquished

Notes
Turn   | Place    | Note
-------+----------+-------------------------------------------
     0 | D:1      | Dordric the Troll Shapeshifter began the quest for the Orb.
     0 | D:1      | Reached XP level 1. HP: 18/18 MP: 0/0
    66 | D:1      | Reached XP level 2. HP: 20/26 MP: 1/1
   256 | D:1      | Found a faded altar of an unknown god.
   328 | D:1      | Reached XP level 3. HP: 32/32 MP: 2/2
   941 | D:2      | Identified the +6 mace of Hepliaklqana's Whim {antimagic,
                  | rF- rC+ Will++ Str+3}
  1150 | D:2      | Reached XP level 4. HP: 27/40 MP: 3/3
  1659 | D:3      | Reached skill level 5 in Shapeshifting
  1710 | D:3      | Found Kauvaudgh's Assorted Antiques.
  1751 | D:3      | Found an ornate altar of the Wu Jian Council.
  2025 | D:3      | Reached XP level 5. HP: 42/46 MP: 4/4
  2236 | D:3      | Found a burning altar of Makhleb.
  2241 | D:3      | Became a worshipper of Makhleb the Destroyer
  2301 | D:4      | HP: 3/69 [orc/+0 club (4)]
  2305 | D:4      | Reached XP level 6. HP: 5/54 MP: 5/5
  2477 | D:4      | Found Koph's Antique Armour Boutique.
  2552 | D:4      | Found a runed translucent door.
  2553 | D:4      | Noticed peacegoldenking's ghost (novice DsCj)
  3085 | D:5      | Entered Level 5 of the Dungeon
  3099 | D:5      | Found a staircase to the Ecumenical Temple.
  3182 | D:5      | Noticed an ice beast
  3193 | D:5      | Killed an ice beast
  3252 | D:5      | Found a white marble altar of Elyvilon.
  3293 | D:5      | Reached skill level 4 in Unarmed Combat
  3294 | D:5      | Reached * piety under Makhleb
  3302 | D:5      | Reached XP level 7. HP: 27/61 MP: 6/6
  3501 | D:5      | Reached skill level 5 in Unarmed Combat
  3537 | D:5      | Found a stormy altar of Qazlal.
  3575 | D:5      | Found a runed translucent door.
  3604 | D:5      | Reached skill level 6 in Unarmed Combat
  3699 | D:5      | Noticed CalledCrash's ghost (novice HuWn)
  4130 | D:5      | Reached skill level 7 in Unarmed Combat
  4130 | D:5      | Reached XP level 8. HP: 68/68 MP: 7/7
  4353 | D:6      | Found a sacrificial altar of Ru.
  4356 | D:6      | Found a snail-covered altar of Cheibriados.
  4395 | D:6      | Reached skill level 8 in Unarmed Combat
  4397 | D:6      | Reached ** piety under Makhleb
  4398 | D:6      | Found Xohappo's Elemental Accessories.
  4642 | D:6      | Reached skill level 9 in Unarmed Combat
  5164 | D:7      | Reached skill level 10 in Unarmed Combat
  5164 | D:7      | Reached XP level 9. HP: 70/73 MP: 8/8
  5191 | D:7      | Noticed a troll
  5210 | D:7      | Killed a troll
  5215 | D:7      | Noticed a kobold demonologist
  5220 | D:7      | Noticed a hellwing
  5225 | D:7      | Noticed a smoke demon
  5225 | D:7      | Killed a kobold demonologist
  5466 | D:7      | Identified the staff "Gram" {rF+ rN++ Dex+3 Fire}
  5474 | D:7      | Reached skill level 11 in Unarmed Combat
  5616 | D:7      | Noticed Jeremiah
  5773 | D:7      | Reached *** piety under Makhleb
  5785 | D:7      | Reached skill level 12 in Unarmed Combat
  5797 | D:7      | Identified the blade talisman of Axyad {rC+ rN+ Int+4 SInv}
  6101 | D:7      | Found a radiant altar of Vehumet.
  6291 | D:7      | Killed Jeremiah
  6292 | D:7      | Reached XP level 10. HP: 58/73 MP: 9/9
  6498 | D:7      | Found a blossoming altar of Fedhas.
  6505 | D:7      | Found an ancient bone altar of Kikubaaqudgha.
  6508 | D:7      | Found an iron altar of Okawaru.
  6728 | D:8      | Noticed a manticore
  6848 | D:8      | Found a glowing silver altar of Zin.
  7139 | D:8      | Noticed Pikel
  7153 | D:8      | Killed Pikel
  7154 | D:8      | Reached skill level 13 in Unarmed Combat
  7302 | D:8      | Killed a manticore
  7529 | D:8      | Found a shimmering altar of Xom.
  7569 | D:8      | Reached **** piety under Makhleb
  7869 | D:9      | Found a broken altar of Ashenzari.
  8158 | D:9      | Noticed a sun demon
  8361 | D:9      | Reached XP level 11. HP: 89/89 MP: 10/10
  8370 | D:9      | Reached skill level 14 in Unarmed Combat
  8370 | D:9      | Noticed a sun demon
  8378 | D:9      | Reached skill level 10 in Shapeshifting
  8396 | D:9      | Found a flagged portal.
  8460 | Bailey   | Entered a bailey
  8516 | Bailey   | Noticed an orc knight
  8558 | Bailey   | Killed an orc knight
  8711 | Bailey   | Gained mutation: Your magical capacity is low. (-10% MP)
                  | [potion of mutation]
  8712 | Bailey   | Lost mutation: Your magical capacity is low. (-10% MP)
                  | [potion of mutation]
  8712 | Bailey   | Gained mutation: You are clumsy. (Dex -2) [potion of
                  | mutation]
  8712 | Bailey   | Gained mutation: You are frail. (-10% HP) [potion of
                  | mutation]
  8712 | Bailey   | Gained mutation: You possess an exceptional clarity of
                  | mind. [potion of mutation]
  8749 | Bailey   | Reached ***** piety under Makhleb
  8812 | Bailey   | Noticed an orc warlord
  8845 | Bailey   | HP: 4/80 [orc warlord/+3 broad axe (26)]
  8846 | Bailey   | Mangled by an orc warrior

Illustrated notes

Levels and vault maps discovered:
D:1:      dpeg_arrival_lava_temple_mockup, layout_basic,
          shapermc_ecumenical_altar_totnotflames, minmay_surrounded
D:2:      layout_basic
D:3:      layout_loops_ring, overflow_temple_1_default, lightli_temple_of_fire,
          serial_shops, shop, minmay_between
D:4:      layout_basic, gammafunk_ghost_grave, nicolae_take_the_stairs,
          bh_walls_and_bars
D:5:      layout_basic, elyvilon_altar_3, mainiacjoe_overflow_chevrons,
          minmay_temple_entry_slanted, ebering_ghost_sewer_d
D:6:      layout_loops_ring, chequers_temple_overflow_statue_of_worship,
          nicolae_elemental_shop
D:7:      nzn_winding_woodlands_cross [nzn_winding_woodlands_5x15_parted,
          nzn_winding_woodlands_5x15_cabin, nzn_winding_woodlands_5x15_jagged,
          nzn_winding_woodlands_5x15_twine,
          nzn_winding_woodlands_15x15_five_gardens], layout_gridville,
          nicolae_vehumet_radiance, minmay_overflow_temple_star_quad,
          uniq_jeremiah
D:8:      layout_gridville, old_standard_altar,
          mainiacjoe_overflow_surrounded_room, minmay_manual_mess, uniq_pikel
D:9:      layout_cave_pools, kennysheep_mini_moat, enter_bailey_5,
          lightli_wizard_tower
Bailey:   bailey_axe_minmay_hex_keep, bailey

Skill      XL: |  1  2  3  4  5  6  7  8  9 10 11 |
---------------+----------------------------------+-----
Shapeshifting  | 4 5 6 7 9 10 | 10.0
Unarmed Combat | 4 7 10 12 13 14 | 14.5
Fighting       | |  0.7
Dodging        | |  1.5

Action                     |  1- 3 |  4- 6 |  7- 9 | 10-12 || total
---------------------------+-------+-------+-------+-------++-------
  Melee: Unarmed           |    98 |   134 |   307 |   265 ||   804
         Punch             |     2 |     1 |     2 |     2 ||     7
         Maw               |       |       |       |     9 ||     9
 Invoke: Minor Destruction |       |       |     7 |    13 ||    20
         Lesser Servant of |       |       |     1 |     1 ||     2
  Evoke: Wand              |       |       |     5 |     7 ||    12
    Use: Potion            |       |     1 |       |     2 ||     3
         Scroll            |       |     4 |     7 |     1 ||    12
   Stab: Sleeping          |       |     1 |       |       ||     1
         Distracted        |       |     1 |       |       ||     1
 Armour: Animal skin       |    64 |   105 |   221 |   117 ||   507
         Skin              |       |     6 |       |    24 ||    30
         Steam dragon scal |       |       |       |    34 ||    34
  Dodge: Dodged            |    45 |    62 |   120 |    93 ||   320
  Block: Other             |       |       |    31 |    55 ||    86
         Reflection        |       |       |     2 |     8 ||    10
   Form: Flux              |       |       |     3 |       ||     3
         Beast             |       |       |     1 |       ||     1
         Blade             |       |       |     1 |       ||     1
         Maw               |       |       |       |     1 ||     1

Table legend: (Time is in decaauts)
 A = Elapsed time spent in this place.
 B = Non-inter-level travel time spent in this place.
 C = Inter-level travel time spent in this place.
 D = Time resting spent in this place.
 E = Time spent auto-exploring this place.
 F = Levels seen in this place.
 G = Mean time per level.
                   A        B        C        D        E       F      G
               +--------+--------+--------+--------+--------+-----+--------+
         Total |   8718 |   8487 |    231 |    853 |   5578 |  10 |  871.8 |
       Dungeon |   8354 |   8123 |    231 |    753 |   5509 |   9 |  928.2 |
        Bailey |    364 |    364 |      0 |    100 |     69 |   1 |  364.0 |
               +--------+--------+--------+--------+--------+-----+--------+

Top non-repeatable levels by time:
     D:7: 1663 daAuts
     D:5: 1241 daAuts
     D:8: 1144 daAuts
     D:1: 927 daAuts
     D:4: 828 daAuts
     D:6: 767 daAuts
     D:3: 660 daAuts
     D:2: 656 daAuts
     D:9: 466 daAuts
  Bailey: 364 daAuts
